 Dungeon Crawl Stone Soup version 0.28-a0-1356-g2ad6d04315 (webtiles) character file.

Game seed: 17275149902715204831

61 SnakkuSnakku7 the Firebug (level 4, -5/24 HPs)
             Began as a Tengu Fire Elementalist on Dec 31, 2021.
             Was a Follower of Ru.
             Engulfed by a steam dragon's steam (11 damage)
             ... on level 3 of the Dungeon.
             The game lasted 00:04:35 (2144 turns).

SnakkuSnakku7 the Firebug (Tengu Fire Elementalist) Turns: 2144, Time: 00:04:36

Health: -5/24      AC:  2    Str:  9    XL:     4   Next: 7%
Magic:  8/8        EV: 12    Int: 17    God:    Ru [*.....]
Gold:   132        SH:  0    Dex: 14    Spells: 0/7 levels left

rFire   . . .      SeeInvis .   c - +0 dagger
rCold   . . .      Faith    .   e - orb {guile}
rNeg    . . .      Spirit   .   a - +0 robe
rPois   .          Reflect  .   (helmet restricted)
rElec   .          Harm     .   (no cloak)
rCorr   .          Rampage  .   (no gloves)
Will    .....                   (boots unavailable)
Stlth   ++........              (no amulet)
HPRegen 0.08/turn               (no ring)
MPRegen 0.11/turn               (no ring)

@: no status effects
A: beak, talons 3, missing an eye
a: Renounce Religion


You were on level 3 of the Dungeon.
You worshipped Ru.
Ru was aware of your devotion.
You visited 1 branch of the dungeon, and saw 3 of its levels.

You collected 132 gold pieces.

Inventory:

Hand Weapons
 c - a +0 dagger (weapon)
Armour
 a - a +0 robe (worn)
 e - an orb of guile (worn)
Wands
 n - a wand of digging (1)
Scrolls
 d - a scroll of enchant weapon {unknown}
 f - a scroll of blinking {unknown}
 i - a scroll of identify {unknown}
 l - a scroll of brand weapon {unknown}
 m - a scroll of enchant armour {unknown}
Potions
 b - a potion of degeneration {unknown}
 g - 2 potions of heal wounds {unknown}
 h - a potion of berserk rage {unknown}
 k - a potion of magic {unknown}


   Skills:
 - Level 2.1 Dodging
 - Level 2.0 Stealth
 - Level 2.0 Spellcasting
 + Level 3.7 Conjurations
 + Level 4.3 Fire Magic


You couldn't memorise any spells.
You knew the following spells:

 Your Spells              Type           Power      Damage    Failure   Level
a - Foxfire               Conj/Fire      60%        2x1d7     3%          1
b - Scorch                Fire           32%        2d6       4%          2
c - Flame Wave            Conj/Fire      15%        2d5       36%         4

Your spell library contained the following spells:

 Spells                   Type           Power      Damage    Failure   Level
 Conjure Flame            Conj/Fire      15%        6-21      11%         3
 Slow                     Hex            4%         N/A       19%         1
 Inner Flame              Hex/Fire       9%         N/A       24%         3
 Confusing Touch          Hex            1%         N/A       50%         3
 Vampiric Draining        Necr           1%         2d6       50%         3


Dungeon Overview and Level Annotations

Branches:
Dungeon (3/15)

Altars:
Ru


Innate Abilities, Weirdness & Mutations

You have a beak for a mouth.
You have claws for feet.
You are missing an eye, making it more difficult to aim.


Message History

You kill the hobgoblin!
Casting: Scorch (safe; 4% risk of failure)
Press: ? - help, Q - select action, (/) - cycle Dir - look around, f - activate
Okay, then.
m - a scroll labelled EMUTTE WOLUNWEAN
n - a wand of digging (2)
You see here a +0 hand axe.
You see here 19 bolts.
There is a stone staircase leading down here.
Done exploring.
As you read the scroll labelled ASAOTI NETY, it crumbles to dust.
You hear a loud clanging noise!
It was a scroll of noise.
Unknown command.
Drop what? 14/52 slots (_ for help) (? for menu, Esc to quit)
You drop a scroll of noise.
Okay, then.
(D) Dungeon
Where to? (Enter - D:2, ? - help)
There is a stone staircase leading up here.
There is a stone staircase leading down here.
You climb downwards.
Found a battleaxe.
There is a stone staircase leading up here.
You see here a +0 battleaxe.
A steam dragon comes into view.
A steam dragon is nearby!
Okay, then.
Okay, then.
Aiming: Dig
Press: ? - help, Shift-Dir - straight line A rock wall.
The rock shatters into small pieces.
The steam dragon hisses angrily.
The steam dragon breathes steam at you. The ball of steam hits you!!
Ouch! That really hurt!
* * * LOW HITPOINT WARNING * * *
You are engulfed in a cloud of scalding steam.
You die...

### #.. #.# #.#
# #.# .#
#######.#####..#
...........D...#
#######.##§###.#
#@#§## ####§§##
#)..§## #.#§##
#<.# #.# ##


There were no monsters in sight!

Vanquished Creatures
  An adder (D:2)
  A worm (D:2)
  A dart slug (D:1)
  8 ball pythons
  6 endoplasms
  2 giant cockroaches
  2 goblins
  5 hobgoblins
  4 jackals (D:2)
  2 kobolds (D:1)
  4 bats
  2 frilled lizards (D:2)
  4 rats
42 creatures vanquished.

Vanquished Creatures (others)
  51 foxfires
51 creatures vanquished.

Grand Total: 93 creatures vanquished

Notes
Turn   | Place    | Note
-------+----------+-------------------------------------------
     0 | D:1      | SnakkuSnakku7 the Tengu Fire Elementalist began the quest
                  | for the Orb.
     0 | D:1      | Reached XP level 1. HP: 10/10 MP: 4/4
   249 | D:1      | Found a faded altar of an unknown god.
   470 | D:1      | Prayed at the altar of an unknown god.
   470 | D:1      | Became a worshipper of Ru the Awakened
   489 | D:1      | Gained mutation: You are missing an eye, making it more
                  | difficult to aim. [Ru sacrifice]
   489 | D:1      | Reached * piety under Ru
   516 | D:1      | Reached XP level 2. HP: 15/15 MP: 1/6
   830 | D:1      | Learned a level 2 spell: Scorch
  1187 | D:1      | Reached XP level 3. HP: 19/19 MP: 2/7
  1302 | D:2      | Reached skill level 4 in Fire Magic
  1850 | D:2      | Reached XP level 4. HP: 20/24 MP: 8/8
  1855 | D:2      | Learned a level 4 spell: Flame Wave
  2139 | D:3      | Noticed a steam dragon
  2144 | D:3      | Engulfed by a steam dragon's steam

Illustrated notes

Levels and vault maps discovered:
D:1:      tarquinn_simple_flora_water_b, layout_basic,
          dreamdust_ecumenical_altar_hidden_monk_grotto, nrook_mini_backslash
D:2:      layout_loops_ring
D:3:      layout_basic

Skill      XL: |  1  2  3 |
---------------+----------+-----
Conjurations   | 2 3 |  3.7
Fire Magic     | 4 |  4.3
Dodging        | |  2.1
Stealth        | |  2.0
Spellcasting   | |  2.0

Action                   |  1- 3 |  4- 6 || total
-------------------------+-------+-------++-------
Melee: Dagger            |    24 |     2 ||    26
       Kick              |     4 |     1 ||     5
       Peck              |     2 |       ||     2
       Unarmed           |     1 |       ||     1
 Cast: Foxfire           |    32 |       ||    32
       Scorch            |    23 |     1 ||    24
Invok: Sacrifice an Eye  |     1 |       ||     1
Evoke: Wand              |       |     1 ||     1
  Use: Scroll            |       |     1 ||     1
 Stab: Distracted        |     1 |       ||     1
       Sleeping          |       |     1 ||     1
Armor: Robe              |     7 |       ||     7
Dodge: Dodged            |    23 |     1 ||    24

Table legend: (Time is in decaauts)
 A = Elapsed time spent in this place.
 B = Non-inter-level travel time spent in this place.
 C = Inter-level travel time spent in this place.
 D = Time resting spent in this place.
 E = Time spent auto-exploring this place.
 F = Levels seen in this place.
 G = Mean time per level.
                   A        B        C        D        E       F      G
               +--------+--------+--------+--------+--------+-----+--------+
         Total |   2143 |   2041 |    102 |    469 |   1165 |   3 |  714.3 |
       Dungeon |   2143 |   2041 |    102 |    469 |   1165 |   3 |  714.3 |
               +--------+--------+--------+--------+--------+-----+--------+

Top non-repeatable levels by time:
     D:1: 1297 daAuts
     D:2: 827 daAuts
     D:3: 17 daAuts
